 Dungeon Crawl Stone Soup version 0.26.1-11-gd32895ea62 (webtiles) character file.

Game seed: 15724471193697522624

177 unlimited1921 the Vexing (level 5, -2/44 HPs)
             Began as a Gnoll Arcane Marksman on July 25, 2021.
             Killed from afar by an orc wizard (7 damage)
             ... with a magic dart
             ... on level 2 of the Dungeon.
             The game lasted 00:35:57 (2604 turns).

unlimited1921 the Vexing (Gnoll Arcane Marksman)    Turns: 2604, Time: 00:36:02

Health: -2/44      AC:  2    Str: 13    XL:     5   Next: 57%
Magic:  10/12      EV: 16    Int: 16    God:
Gold:   105        SH:  0    Dex: 15    Spells: 11/14 levels left

rFire    . . .     SeeInvis .   f - +0 hand axe
rCold    . . .     Faith    .   (no shield)
rNeg     . . .     Spirit   .   e - +0 robe
rPois    .         Reflect  .   (no helmet)
rElec    .         Harm     .   (no cloak)
rCorr    .         Rampage  .   (no gloves)
Will     .....                  (no boots)
Stlth    +++.......             (no amulet)
HPRegen  0.14/turn              l - ring of flight
MPRegen  0.13/turn              (no ring)

@: slowed, very slow
A: distributed training, fangs 1, strong nose
a: Evoke Flight


You were on level 2 of the Dungeon.
You visited 1 branch of the dungeon, and saw 3 of its levels.

You collected 105 gold pieces.

Inventory:

Hand Weapons
 a - a +0 hand crossbow
 f - a +0 hand axe (weapon)
 k - a +0 trident
 n - a +0 hunting sling
 q - a +0 hunting sling
 A - a +0 spear
Missiles
 d - 6 bolts
 o - 46 stones (quivered)
 v - 14 arrows
Armour
 b - a +0 leather armour
 e - a +0 robe (worn)
 g - a +1 leather armour
 m - a +0 helmet
 s - a +0 ring mail
Jewellery
 l - a ring of flight (left hand)
 u - an uncursed ring of poison resistance {unknown}
 w - a cursed -4 ring of dexterity {unknown}
Scrolls
 h - a scroll of teleportation {unknown}
 i - a scroll of enchant armour
 r - a scroll of noise {unknown}
 x - a scroll of amnesia {unknown}
 y - 2 scrolls of fear {unknown}
 z - a scroll of fog {unknown}
Potions
 c - a potion of attraction {unknown}
 j - a potion of cancellation


   Skills:
 + Level 5.0 Fighting
 + Level 4.1 Short Blades
 + Level 4.1 Long Blades
 + Level 4.1 Axes
 + Level 4.1 Maces & Flails
 + Level 4.1 Polearms
 + Level 4.1 Staves
 + Level 4.1 Slings
 + Level 4.1 Bows
 + Level 6.2 Crossbows
 + Level 4.1 Throwing
 + Level 4.1 Armour
 + Level 6.2 Dodging
 + Level 4.1 Stealth
 + Level 4.1 Shields
 + Level 4.1 Unarmed Combat
 + Level 5.1 Spellcasting
 + Level 3.4 Conjurations
 + Level 6.5 Hexes
 + Level 3.4 Summonings
 + Level 3.4 Necromancy
 + Level 3.4 Translocations
 + Level 3.4 Transmutations
 + Level 3.4 Fire Magic
 + Level 3.4 Ice Magic
 + Level 3.4 Air Magic
 + Level 3.4 Earth Magic
 + Level 3.4 Poison Magic
 + Level 4.5 Invocations
 + Level 4.1 Evocations


You had 11 spell levels left.
You knew the following spells:

 Your Spells              Type           Power        Failure   Level
a - Corona                Hex            27%          1%          1
b - Slow                  Hex            25%          1%          2

Your spell library contained the following spells:

 Spells                   Type           Power        Failure   Level
 Magic Dart               Conj           60%          3%          1
 Blink                    Tloc           N/A          5%          2
 Call Imp                 Summ           15%          5%          2
 Inner Flame              Hex/Fire       20%          6%          3
 Portal Projectile        Hex/Tloc       40%          6%          3
 Conjure Flame            Conj/Fire      15%          11%         3
 Mephitic Cloud           Conj/Pois/Air  15%          11%         3
 Cause Fear               Hex            12%          11%         4
 Leda's Liquefaction      Hex/Erth       10%          19%         4


Dungeon Overview and Level Annotations

Branches:
Dungeon (3/15)

Altars:


Innate Abilities, Weirdness & Mutations

Your experience applies equally to all skills.
You have very sharp teeth.
Your uncanny sense of smell can sniff out nearby items.


Message History

The orc wizard barely misses you. The orc wizard closely misses you.
Throw: 47 stones
Press: ? - help, Q - select action, (/) - cycle Shift-Dir - straight line, f/p - orc wizard
Aim: an orc wizard, wielding a +0 dagger and wearing a +0 robe (almost dead, fast, 56% to hit)
You throw a stone.
The stone closely misses the orc wizard.
The orc wizard points at you and mumbles some strange words.
The magic dart hits you!
* * * LOW HITPOINT WARNING * * *
The orc wizard points at you and mumbles some strange words.
You feel as though you will be slow longer.
Casting: Slow (safe; 1% risk of failure)
Confirm with . or Enter, or press ? or * to list all spells.
Aiming: Slow (safe; 1% risk of failure)
Press: ? - help, Shift-Dir - straight line, f/p - orc wizard
Aim: an orc wizard, wielding a +0 dagger and wearing a +0 robe (almost dead, fast, chance to affect: 65%)
The orc wizard struggles to resist.
The orc wizard casts a spell at you. The magic dart hits you!
You die...

.>...###.....<##.........#
.##............#.........#
###.#..#.................#
................#........#
................#..##....#
..............##...##....#
.............#.......#####
.............#......##
........[..#.#..@...#
.................o..#
....................#
..........#........(#
....................#
##..#...............#
#.....#...#........#
##................##
#.................###


You could see an orc wizard (fast).

Vanquished Creatures
  2 adders (D:2)
  3 oozes
  3 worms (D:2)
  A leopard gecko (D:1)
  4 orcs
  5 bats
  A giant cockroach (D:2)
  12 goblins
  8 hobgoblins
  A quokka (D:2)
  A frilled lizard (D:1)
  2 kobolds
  5 rats
48 creatures vanquished.

Vanquished Creatures (others)
  Robin (D:3)
  2 goblins (D:3)
3 creatures vanquished.

Grand Total: 51 creatures vanquished

Notes
Turn   | Place    | Note
-------+----------+-------------------------------------------
     0 | D:1      | unlimited1921 the Gnoll Arcane Marksman began the quest for
                  | the Orb.
     0 | D:1      | Reached XP level 1. HP: 17/17 MP: 4/4
   191 | D:1      | Reached XP level 2. HP: 18/23 MP: 5/5
   745 | D:2      | Reached XP level 3. HP: 22/28 MP: 7/7
   822 | D:2      | Learned a level 2 spell: Slow
   862 | D:2      | Reached skill level 1 in Invocations
  1005 | D:2      | Reached skill level 1 in Short Blades
  1005 | D:2      | Reached skill level 1 in Long Blades
  1005 | D:2      | Reached skill level 1 in Axes
  1005 | D:2      | Reached skill level 1 in Maces & Flails
  1005 | D:2      | Reached skill level 1 in Polearms
  1005 | D:2      | Reached skill level 1 in Staves
  1005 | D:2      | Reached skill level 1 in Slings
  1005 | D:2      | Reached skill level 1 in Bows
  1005 | D:2      | Reached skill level 1 in Throwing
  1005 | D:2      | Reached skill level 1 in Armour
  1005 | D:2      | Reached skill level 1 in Stealth
  1005 | D:2      | Reached skill level 1 in Shields
  1005 | D:2      | Reached skill level 1 in Unarmed Combat
  1005 | D:2      | Reached skill level 1 in Evocations
  1156 | D:1      | You fall into a shaft and drop 1 floor!
  1161 | D:2      | Reached XP level 4. HP: 34/34 MP: 8/8
  1561 | D:3      | Noticed Robin
  1581 | D:3      | Reached skill level 5 in Spellcasting
  1581 | D:3      | Reached XP level 5. HP: 18/43 MP: 6/12
  1601 | D:3      | Killed Robin
  2176 | D:3      | Reached skill level 5 in Fighting
  2604 | D:2      | Killed from afar by an orc wizard

Illustrated notes

Levels and vault maps discovered:
D:1:      lemuel_arrival_hallway, layout_basic, minivault_4, minmay_hedge_maze
D:2:      layout_rooms
D:3:      layout_loops_ring, chequers_temple_overflow_statue_of_worship,
          chequers_ecumenical_altar_simple, uniq_robin

Skill      XL: |  1  2  3  4  5 |
---------------+----------------+-----
Invocations    | 1 4 |  4.5
Short Blades   | 1 4 |  4.1
Long Blades    | 1 4 |  4.1
Axes           | 1 4 |  4.1
Maces & Flails | 1 4 |  4.1
Polearms       | 1 4 |  4.1
Staves         | 1 4 |  4.1
Slings         | 1 4 |  4.1
Bows           | 1 4 |  4.1
Throwing       | 1 4 |  4.1
Armour         | 1 4 |  4.1
Stealth        | 1 4 |  4.1
Shields        | 1 4 |  4.1
Unarmed Combat | 1 4 |  4.1
Evocations     | 1 4 |  4.1
Spellcasting   | 5 |  5.1
Fighting       | 4 5 |  5.0
Crossbows      | 6 |  6.2
Dodging        | 6 |  6.2
Conjurations   | 3 |  3.4
Hexes          | 6 |  6.5
Summonings     | 3 |  3.4
Necromancy     | 3 |  3.4
Translocations | 3 |  3.4
Transmutations | 3 |  3.4
Fire Magic     | 3 |  3.4
Ice Magic      | 3 |  3.4
Air Magic      | 3 |  3.4
Earth Magic    | 3 |  3.4
Poison Magic   | 3 |  3.4

Action                   |  1- 3 |  4- 6 || total
-------------------------+-------+-------++-------
Melee: Hand axe          |    14 |    77 ||    91
       Bite              |     2 |     8 ||    10
       Punch             |       |     1 ||     1
 Fire: Hand crossbow     |    72 |     6 ||    78
Throw: Stone             |       |    20 ||    20
 Cast: Corona            |     5 |     8 ||    13
       Slow              |     2 |    16 ||    18
  Use: Potion            |     1 |     7 ||     8
       Scroll            |       |     1 ||     1
 Stab: Invisible         |       |     1 ||     1
Armor: Robe              |     3 |    13 ||    16
       Skin              |       |    43 ||    43
Dodge: Dodged            |    15 |    91 ||   106
